 Dungeon Crawl Stone Soup version 0.19.5 (webtiles) character file.

451 GordonOverkill the Slasher (level 6, 0/64 HPs)
             Began as a High Elf Skald on May 13, 2017.
             Was an Initiate of Trog.
             Succumbed to a scorpion's poison
             ... on level 4 of the Dungeon.
             The game lasted 00:09:15 (5291 turns).

GordonOverkill the Slasher (High Elf Skald)         Turns: 5291, Time: 00:09:16

Health: 0/64       AC: 23    Str: 13    XL:     6   Next: 75%
Magic:  10/10      EV:  2    Int: 17    God:    Trog [......]
Gold:   99         SH:  0    Dex: 14    Spells: 2 memorised, 6 levels left

rFire  . . .     SeeInvis .     a - +0 falchion
rCold  . . .     Gourm    .     (armour currently unavailable)
rNeg   + + +     Faith    .     (no shield)
rPois  +         Spirit   .     (helmet currently unavailable)
rElec  .         Reflect  .     (cloak currently unavailable)
rCorr  .         Harm     .     (gloves currently unavailable)
MR     .....     NoTele   +     (boots currently unavailable)
Stlth  ++........               (no amulet)
                                (no ring)
                                j - ring of stealth

@: lethally poisoned (0 -> -8), tree-form
A: (large bone plates 0), deterioration 1, (electricity resistance)
a: Burn Spellbooks, Renounce Religion


You were on level 4 of the Dungeon.
You worshipped Trog.
Trog was noncommittal.
You were hungry.
You were a tree.
You visited 1 branch of the dungeon, and saw 4 of its levels.

You collected 99 gold pieces.

Inventory:

Hand Weapons
 a - a +0 falchion (weapon)
Missiles
 i - 6 curare-tipped needles
 k - 4 javelins
 x - 3 tomahawks (quivered)
Armour
 g - a +0 chain mail
 q - a cursed +0 ring mail (melded)
Jewellery
 j - a ring of stealth (left branch)
Scrolls
 c - a scroll of teleportation {unknown}
 l - 6 scrolls of identify {unknown}
 n - 2 scrolls of enchant weapon {unknown}
 p - 3 scrolls of blinking {unknown}
 s - 2 scrolls of remove curse {unknown}
 t - 2 scrolls of fear {unknown}
Potions
 b - a potion of might
 e - a potion of mutation
 m - a potion of lignification
 o - a potion of invisibility {unknown}
 r - a potion of degeneration {unknown}
Comestibles
 d - 2 bread rations
 h - 2 meat rations
 u - a slice of pizza


   Skills:
 + Level 4.1 Fighting
 * Level 6.5 Long Blades
 - Level 0.8 Armour
 + Level 3.4 Dodging
 - Level 2.4 Spellcasting
 - Level 3.6 Charms


You had 6 spell levels left.
You knew the following spells:

 Your Spells              Type           Power        Failure   Level  Hunger
a - Infusion              Chrm           ##..         4%          1    #......
b - Song of Slaying       Chrm           ##......     10%         2    ##.....


Dungeon Overview and Level Annotations

Branches:
Dungeon (4/15)
 Temple: D:4-7

Altars:
Ru
Trog


Innate Abilities, Weirdness & Mutations

((You are partially covered in large bone plates. (SH +4)))
Your body sometimes deteriorates upon taking damage.
((You are resistant to electric shocks. (rElec)))


Message History

The scorpion poisons you!
You hit the scorpion but do no damage.
The scorpion is severely wounded.
* * * LOW HITPOINT WARNING * * *
You feel sick. The scorpion stings you.
* * * LOW HITPOINT WARNING * * *
Your ring mail prevents you from hitting the scorpion.
The scorpion is severely wounded.
* * * LOW HITPOINT WARNING * * *
You feel sick.
It was a potion of mutation.
You feel extremely strange.
You feel yourself wasting away.
You feel insulated.
Large bone plates grow over parts of your arms.
* * * LOW HITPOINT WARNING * * *
You feel sick. The scorpion stings you.
* * * LOW HITPOINT WARNING * * *
It was a potion of lignification.
You turn into a tree.
Your cursed +0 ring mail melds into your body.
Your roots penetrate the ground.
You die...

#..........# #..........#
#........>.#####
######..............######
................###......#
#####...................#
##..########.#######)#
##..## #.# ## # ####..##
#♣##### #....## #s..+_+
..#### #.###+# ..# #.# >.#
#?s...# ..# .......(. ..#
#...).<.<# ..###
##........ ....###
#.......##


You could see a scorpion.

Vanquished Creatures
  Sigmund (D:2)
  An ogre (D:4)
  2 worker ants (D:4)
  A hound skeleton (D:4)
  4 gnolls (D:4)
  An adder (D:4)
  An ooze (D:3)
  3 worms
  A dart slug (D:3)
  4 leopard geckos
  4 orcs
  5 ball pythons
  4 giant cockroaches
  4 goblins
  6 hobgoblins
  10 jackals
  8 kobolds
  A quokka (D:2)
  10 bats
  5 frilled lizards
  9 rats
85 creatures vanquished.

Notes
Turn   | Place    | Note
-------+----------+-------------------------------------------
     0 | D:1      | GordonOverkill the High Elf Skald began the quest for the Orb.
     0 | D:1      | Reached XP level 1. HP: 14/14 MP: 4/4
   748 | D:1      | Reached XP level 2. HP: 18/20 MP: 6/6
   923 | D:1      | Reached skill level 3 in Long Blades
  1448 | D:1      | Learned a level 2 spell: Song of Slaying
  1631 | D:1      | Reached XP level 3. HP: 22/25 MP: 7/7
  2194 | D:2      | Noticed Sigmund
  2567 | D:2      | Killed Sigmund
  2567 | D:2      | Reached skill level 5 in Long Blades
  2567 | D:2      | Reached XP level 4. HP: 8/32 MP: 3/8
  2567 | D:2      | Reached XP level 5. HP: 9/36 MP: 3/9
  3273 | D:3      | Found a bloodstained altar of Trog.
  3294 | D:3      | Became a worshipper of Trog the Wrathful
  3818 | D:4      | Reached XP level 6. HP: 42/43 MP: 10/10
  4051 | D:4      | Reached skill level 6 in Long Blades
  4836 | D:4      | Found a sacrificial altar of Ru.
  5290 | D:4      | Gained mutation: Your body sometimes deteriorates upon taking damage. [potion of mutation]
  5290 | D:4      | Gained mutation: You are resistant to electric shocks. (rElec) [potion of mutation]
  5290 | D:4      | Gained mutation: You are partially covered in large bone plates. (SH +4) [potion of mutation]
  5290 | D:4      | HP: 2/43 [poisoned by a scorpion]
  5291 | D:4      | Succumbed to a scorpion's poison

Skill      XL: |  1  2  3  4  5  6 |
---------------+-------------------+-----
Long Blades    | 3 5 6 |  6.5
Fighting       | 3 4 |  4.1
Dodging        | 2 3 |  3.4
Armour         | |  0.8
Spellcasting   | |  2.4
Charms         | |  3.6

Action                   |  1- 3 |  4- 6 || total
-------------------------+-------+-------++-------
Melee: Falchion          |    87 |   196 ||   283
Throw: Javelin           |    11 |    14 ||    25
       Tomahawk          |       |     8 ||     8
       Stone             |       |     1 ||     1
 Cast: Infusion          |     1 |       ||     1
Invok: Burn Spellbooks   |       |     1 ||     1
  Use: Potion            |     3 |     3 ||     6
 Stab: Sleeping          |       |     2 ||     2
  Eat: Chunk             |     3 |     9 ||    12
       Beef jerky        |     1 |       ||     1
Armor: Leather armour    |    21 |       ||    21
       Ring mail         |     5 |    49 ||    54
Dodge: Dodged            |    54 |   103 ||   157
       Rpst.: Falchion   |    20 |    37 ||    57
